 Dungeon Crawl Stone Soup version 0.31-a0-986-g5e6e4ef867 (webtiles) character file.

Game seed: 15876896030236046736

134 mandarbmax the Ruffian (level 5, -1/54 HPs)
             Began as an Ogre Shapeshifter on Nov 10, 2023.
             Succumbed to Robin's poison
             ... on level 2 of the Dungeon.
             The game lasted 00:04:56 (1712 turns).

mandarbmax the Ruffian (Ogre Shapeshifter)          Turns: 1712, Time: 00:04:57

Health: -1/54      AC:  3    Str: 18 (20) XL:     5   Next: 17%
Magic:  5/5        EV:  9    Int: 10 (11) God:
Gold:   58         SH:  0    Dex:  7 (8)  Spells: 4/4 levels left

rFire   x .          .
                       - Unarmed
rCold   + . .        (no shield)
rNeg    + . .        a - +0 animal skin
rPois   .            (helmet currently unavailable)
rElec   +            (cloak currently unavailable)
rCorr   .            (gloves unavailable)
SInv    .            (boots unavailable)
Will    .....        (no amulet)
Stlth   +            q - ring of the Byakko {Ice rElec rN+}
HPRegen 0.29/turn    (no ring)
MPRegen 0.09/turn

%: no passive effects
@: confused, lethally poisoned (-1 -> -22), beast-form, ambrosia-drunk
A: beast (slay +1), large, unfitting armour, tough skin 1
a: Begin Untransformation


You were on level 2 of the Dungeon.
You were a hulking beast.
You visited 1 branch of the dungeon, and saw 2 of its levels.

You collected 58 gold pieces.

Inventory:

Armour
 a - a +0 animal skin (worn)
Jewellery
 q - the ring of the Byakko (left hand) {Ice rElec rN+}
   (You found it on level 2 of the Dungeon)

   [ring of ice]

   Ice:       It enhances your ice magic.
   rF-:       It makes you vulnerable to fire.
   rC+:       It protects you from cold.
   rElec:     It insulates you from electricity.
   rN+:       It protects you from negative energy.
Talismans
 c - a beast talisman
 d - a flux talisman
Scrolls
 f - a scroll of teleportation
 g - a scroll of identify {unknown}
 h - a scroll of enchant weapon
 p - a scroll of blinking {unknown}
 r - a scroll of revelation {unknown}
Potions
 e - a potion of invisibility
 i - a potion of might
 n - a potion of brilliance


   Skills:
 + Level 3.7 Fighting
 - Level 2.0 Dodging
 * Level 4.4 Unarmed Combat
 - Level 3.0 Shapeshifting


You had 4 spell levels left.
You didn't know any spells.
Your spell library was empty.

Dungeon Overview and Level Annotations

Branches:
Dungeon (2/15)

Altars:
Uskayaw

Shops:
D:1 =

Annotations:
D:2 Robin


Innate Abilities, Weirdness & Mutations

You are a hulking beast.
Your limbs bulge with bestial killing power. (Slay +1)
You are too large for most types of armour.
You have tough skin. (AC +1)


Message History

It was a potion of cancellation.
Your magical effects are unravelling.
You feel magically purged.
You flicker back into view.
You feel a little less mighty now.
You feel a little less clever now. Robin hits you but does no damage.
You are poisoned.
It was a potion of heal wounds.
You feel much better.
You feel sick.
Robin hits you from afar with a +3 spear of venom.
You are more poisoned.
You feel very sick.
Robin hits you with a +3 spear of venom.
You are more poisoned.
Things that are here:
a +0 dagger; a hobgoblin corpse; a goblin corpse You hit Robin but do no damage.
You feel very sick.
Robin says, "Bow before me, strongest of all the hobgoblins!"
Robin hits you with a +3 spear of venom.
* * * LOW HITPOINT WARNING * * *
You closely miss Robin.
* * * LOW HITPOINT WARNING * * *
You feel very sick.
Robin hits you with a +3 spear of venom.
* * * LOW HITPOINT WARNING * * *
You hit Robin.
Robin is lightly wounded.
* * * LOW HITPOINT WARNING * * *
You feel very sick. Robin completely misses you.
You are confused.
You feel invigorated.
* * * LOW HITPOINT WARNING * * *
You feel sick. Robin closely misses you.
You bump into the rock wall.
You feel sick.
Robin hits you with a +3 spear of venom!
* * * LOW HITPOINT WARNING * * *
You are more poisoned.
You bump into the rock wall.
You die...

...##...#
###...#.#.........
...##.###
##.....#..........#
.......#
#.......##########.
#####..######.#.....#.#
..............#.....#.#
........#####.##.####>###
.........# #.##)).......
....#.#..# #.##.#.##.###
.........# #.##h#..#..
....#.##.####.##g#..#..
............#.#.....#..
..###.##..#'#.#..#..#.# ..
# #......#.....#.#
#.###.....#....##.#
..........#....##.####### #
#.........#....##.......#.#
#######.###..........##.#.#


You could see Robin.

Vanquished Creatures
  Natasha (thrice) (D:2)
  A worm (D:2)
  2 dart slugs (D:1)
  6 ball pythons
  4 bats (D:1)
  2 endoplasms
  2 giant cockroaches
  11 goblins
  7 hobgoblins
  3 jackals (D:1)
  2 frilled lizards (D:1)
  3 kobolds (D:1)
  2 rats (D:1)
48 creatures vanquished.

Notes
Turn   | Place    | Note
-------+----------+-------------------------------------------
     0 | D:1      | mandarbmax the Ogre Shapeshifter began the quest for the
                  | Orb.
     0 | D:1      | Reached XP level 1. HP: 19/19 MP: 1/1
    38 | D:1      | Found a hide-covered altar of Uskayaw.
   167 | D:1      | Reached skill level 3 in Unarmed Combat
   167 | D:1      | Reached XP level 2. HP: 24/28 MP: 2/2
   468 | D:1      | Found Yfiofi's Jewellery Boutique.
   705 | D:1      | Reached XP level 3. HP: 35/35 MP: 3/3
  1045 | D:2      | Noticed Natasha
  1052 | D:2      | Killed Natasha
  1120 | D:2      | Reached XP level 4. HP: 42/44 MP: 4/4
  1239 | D:2      | Identified the ring of the Byakko {Ice rElec rN+}
  1281 | D:2      | Noticed Natasha
  1289 | D:2      | Killed Natasha
  1290 | D:2      | Reached skill level 4 in Unarmed Combat
  1402 | D:2      | Noticed Natasha
  1415 | D:2      | Killed Natasha
  1416 | D:2      | Reached XP level 5. HP: 27/53 MP: 5/5
  1600 | D:2      | Noticed Robin
  1711 | D:2      | HP: 1/54 [Robin/+3 spear of venom (8)]
  1712 | D:2      | Succumbed to Robin's poison

Illustrated notes

Levels and vault maps discovered:
D:1:      dpeg_arrival_lava_altar, layout_basic, serial_shops, shop
D:2:      layout_basic, uniq_natasha, uniq_terence, uniq_robin

Skill      XL: |  1  2  3  4 |
---------------+-------------+-----
Dodging        | 2 |  2.0
Unarmed Combat | 3 4 |  4.4
Fighting       | 2 3 |  3.7
Shapeshifting  | |  3.0

Action                     |  1- 3 |  4- 6 || total
---------------------------+-------+-------++-------
  Melee: Unarmed           |    63 |    68 ||   131
         Punch             |     2 |     1 ||     3
    Use: Potion            |       |    10 ||    10
         Scroll            |       |     2 ||     2
 Armour: Animal skin       |    43 |    41 ||    84
         Skin              |       |    48 ||    48
  Dodge: Dodged            |    33 |    24 ||    57

Table legend: (Time is in decaauts)
 A = Elapsed time spent in this place.
 B = Non-inter-level travel time spent in this place.
 C = Inter-level travel time spent in this place.
 D = Time resting spent in this place.
 E = Time spent auto-exploring this place.
 F = Levels seen in this place.
 G = Mean time per level.
                   A        B        C        D        E       F      G
               +--------+--------+--------+--------+--------+-----+--------+
         Total |   1709 |   1669 |     40 |      4 |   1349 |   2 |  854.5 |
       Dungeon |   1709 |   1669 |     40 |      4 |   1349 |   2 |  854.5 |
               +--------+--------+--------+--------+--------+-----+--------+

Top non-repeatable levels by time:
     D:1: 1041 daAuts
     D:2: 668 daAuts
